 Dungeon Crawl Stone Soup version 0.24.0-13-gcf9b3192b9 (webtiles) character file.

Game seed: 7777940100119528639, levelgen mode: deterministic

317 Katsumi the Transmogrifier (level 6, -1/34 HPs)
             Began as a Felid Transmuter on Nov 9, 2019.
             Was a Follower of Makhleb.
             Succumbed to a hornet's poison
             ... on level 5 of the Dungeon.
             The game lasted 00:07:31 (5645 turns).

Katsumi the Transmogrifier (Felid Transmuter)       Turns: 5645, Time: 00:07:32

Health: -1/34      AC:  2    Str:  6    XL:     6   Next: 20%
Magic:  10/10      EV: 18    Int: 16    God:    Makhleb [*.....]
Gold:   233        SH:  0    Dex: 17    Spells: 1/9 levels left
                                        Lives:  0   Deaths: 2

rFire    . . .     SeeInvis +     - Unarmed
rCold    . . .     Gourm    .   (shield unavailable)
rNeg     . . .     Faith    .   (armour unavailable)
rPois    .         Spirit   .   (helmet unavailable)
rElec    .         Reflect  .   (cloak unavailable)
rCorr    .         Harm     .   (gloves unavailable)
MR       .....                  (boots unavailable)
Stlth    ++........             (no amulet)
HPRegen  0.11/turn              (no ring)
MPRegen  0.12/turn              (no ring)

@: lethally poisoned (-1 -> -17), slowed, slow
A: very small, no armour, no weapons or thrown items, stealth, claws 1, fangs 3,
see invisible, carnivore, speed 1, shaggy fur 2, slow metabolism 1, sharp paws
a: Renounce Religion


You were on level 5 of the Dungeon.
You worshipped Makhleb.
Makhleb was aware of your devotion.
You were not hungry.

You visited 1 branch of the dungeon, and saw 5 of its levels.

You collected 233 gold pieces.

Inventory:

Missiles
 a - 100 arrows
Jewellery
 f - an uncursed ring of flight {unknown}
Wands
 i - a wand of random effects (15)
 s - a wand of scattershot (6)
Scrolls
 d - a scroll of fog {unknown}
 e - a scroll of amnesia {unknown}
 g - 5 scrolls of identify {unknown}
 h - 2 scrolls of magic mapping {unknown}
 k - 5 scrolls of remove curse
 l - a scroll of teleportation {unknown}
 n - 4 scrolls of enchant weapon {unknown}
 o - a scroll of enchant armour {unknown}
 q - a scroll of immolation {unknown}
Potions
 b - a potion of haste
 j - a potion of flight {unknown}
 m - a potion of might
 p - a potion of ambrosia {unknown}
 u - a potion of agility
Comestibles
 c - 13 rations


   Skills:
 - Level 9.0 Fighting
 + Level 3.1 Dodging
 + Level 1.4 Stealth
 * Level 3.4 Unarmed Combat
 - Level 2.0 Spellcasting
 - Level 11.0 Transmutations


You had one spell level left.
You knew the following spells:

 Your Spells              Type           Power        Failure   Level  Hunger
a - Beastly Appendage     Tmut           #####.       1%          1    #......
b - Sticks to Snakes      Tmut           #####...     1%          2    ###....
c - Blade Hands           Tmut           #####.....   6%          5    ######.

Your spell library contained the following spells:

 Spells                   Type           Power        Failure   Level  Hunger
 Spider Form              Tmut/Pois      ###.......   6%          3    ###....
 Ice Form                 Ice/Tmut       ###.....     22%         4    #####..


Dungeon Overview and Level Annotations

Branches:
Dungeon (5/15)
 Temple: D:4-7

Altars:
Gozag
Makhleb
Qazlal

Shops:
D:3 *

Annotations:
D:5 Menkaure


Innate Abilities, Weirdness & Mutations

You cannot wear armour.
You are incapable of wielding weapons or throwing items.
Your paws allow you to move quietly. (Stealth)
You have sharp claws.
You have razor-sharp teeth.
You have supernaturally acute eyesight. (SInv)
You are carnivorous and can eat meat at any time.
You cover ground quickly.
You are covered in thick fur. (AC +2)
You have a slow metabolism.
Your sharp claws are effective at attacking unaware monsters.


Message History

The hornet stings you.
You feel as though you will be slow longer.
The orc wizard looks encouraged for a moment.
The hornet stings you.
You are poisoned.
You feel as though you will be slow longer.
The orc hits you with a +0 hand axe. The hornet completely misses you.
You feel sick. The hornet barely misses you. The orc closely misses you.
The hornet stings you.
You are lethally poisoned!
You feel as though you will be slow longer.
The orc wizard looks satisfied for a moment.
The orc misses you.
* * * LOW HITPOINT WARNING * * *
You feel sick. The hornet stings you!
* * * LOW HITPOINT WARNING * * *
You feel as though you will be slow longer.
The hornet closely misses you. The orc closely misses you.
The hornet closely misses you.
You die...

##### ###### #....
#....# ##.### #....#
####.<# #....#####
###....##
#........######
#...####
#....###....@o#####.###
###### ######ylo.M..##
##Oo.....##
#..o#####..# #.###
##.##### .. #$.†yo# ##
#####oOoo ###M


You could see a hornet, an ogre, Menkaure, an orc wizard (invisible), 3 orcs and
a leopard gecko.

Vanquished Creatures
  Grinder (D:4)
  A bullfrog (D:4)
  2 orc priests (D:4)
  A centaur skeleton (D:4)
  An orc wizard (D:4)
  Jessica (D:2)
  An iguana (D:3)
  A worker ant (D:4)
  A hound skeleton (D:3)
  4 adders
  An ooze (D:3)
  An adder skeleton (D:4)
  A worm (D:3)
  3 leopard geckos
  4 orcs
  6 bats
  3 giant cockroaches
  7 goblins
  6 hobgoblins
  5 jackals
  9 kobolds
  2 quokkas
  5 frilled lizards
  A leopard gecko skeleton (D:4)
  A quokka zombie (D:5)
  17 rats
86 creatures vanquished.

Vanquished Creatures (collateral kills)
  Natasha (thrice) (D:3)
  An adder (D:3)
4 creatures vanquished.

Grand Total: 90 creatures vanquished

Notes
Turn   | Place    | Note
-------+----------+-------------------------------------------
     0 | D:1      | Katsumi the Felid Transmuter began the quest for the Orb.
     0 | D:1      | Reached XP level 1. HP: 9/9 MP: 4/4
   136 | D:1      | Reached XP level 2. HP: 13/13 MP: 4/6
   140 | D:1      | Learned a level 2 spell: Sticks to Snakes
   689 | D:2      | Reached XP level 3. HP: 10/17 MP: 2/7
   889 | D:2      | Found a burning altar of Makhleb.
   942 | D:2      | Found a stormy altar of Qazlal.
   951 | D:2      | Became a worshipper of Makhleb the Destroyer
  1448 | D:2      | Noticed Jessica
  1482 | D:2      | Killed Jessica
  1482 | D:2      | Reached skill level 3 in Transmutations
  1797 | D:3      | Found Gozag's Platinum Reserve.
  1799 | D:3      | Found an opulent altar of Gozag.
  1822 | D:3      | Noticed Natasha
  1841 | D:3      | Reached XP level 4. HP: 18/21 MP: 6/8
  1888 | D:3      | Killed Natasha
  2254 | D:3      | Reached skill level 4 in Transmutations
  2884 | D:3      | Noticed Natasha
  3004 | D:3      | HP: 1/21 [worm (11)]
  3721 | D:3      | Reached XP level 5. HP: 24/24 MP: 7/9
  4304 | D:3      | Killed Natasha
  4304 | D:3      | Reached skill level 5 in Transmutations
  4324 | D:3      | Noticed Natasha
  4353 | D:3      | Learned a level 5 spell: Blade Hands
  4359 | D:3      | Killed Natasha
  4359 | D:3      | Reached * piety under Makhleb
  4362 | D:3      | Reached skill level 10 in Transmutations
  4362 | D:3      | Gained mutation: You are covered in thick fur. (AC +2)
                  | [Felid growth]
  4362 | D:3      | Reached XP level 6. HP: 15/34 MP: 4/10
  4370 | D:3      | Slain by an iguana
  4371 | D:3      | Reached XP level 5. HP: -2/31 MP: 2/9
  4928 | D:4      | Reached XP level 6. HP: 20/34 MP: 5/10
  5523 | D:4      | Noticed Grinder
  5534 | D:4      | Killed Grinder
  5534 | D:4      | Reached skill level 1 in Stealth
  5534 | D:4      | Reached skill level 11 in Transmutations
  5534 | D:4      | Reached XP level 7. HP: 30/38 MP: 6/11
  5582 | D:5      | Entered Level 5 of the Dungeon
  5609 | D:5      | Noticed a hornet
  5618 | D:5      | Noticed Menkaure
  5623 | D:5      | Succumbed to a hornet's poison
  5624 | D:5      | Reached XP level 6. HP: -1/34 MP: 5/10
  5644 | D:5      | HP: 1/34 [hornet (8)]
  5645 | D:5      | Succumbed to a hornet's poison

Levels and vault maps discovered:
D:1:      onia_arrival_larder, layout_basic
D:2:      layout_rooms, nicolae_overflow_crystal_walls, grunt_qazlal_sundering,
          first_ration, serial_rivers, chequers_serial_rivers_micro_b,
          chequers_serial_rivers_small_a, chequers_serial_rivers_room_a,
          chequers_serial_rivers_room_a, uniq_jessica
D:3:      layout_basic, nicolae_gozag_zags_fifth_avenue, st_stairs_5,
          minmay_box_of_dots, uniq_natasha
D:4:      layout_basic, corexii_shack, uniq_grinder
D:5:      layout_rooms, grunt_temple_overflow_diamond, serial_shops, shop,
          chequers_serial_rivers_micro_d, uniq_menkaure

Skill      XL: |  1  2  3  4  5  6 |
---------------+-------------------+-----
Fighting       | 2 3 9 |  9.0
Transmutations | 3 4 10 11 | 11.0
Dodging        | 3 |  3.1
Stealth        | 1 |  1.4
Unarmed Combat | |  3.4
Spellcasting   | |  2.0

Action                   |  1- 3 |  4- 6 |  7- 9 || total
-------------------------+-------+-------+-------++-------
Melee: Unarmed           |   101 |   174 |    12 ||   287
       Bite              |     7 |     8 |     1 ||    16
       Headbutt          |     6 |    22 |       ||    28
       Punch             |       |       |     1 ||     1
 Cast: Beastly Appendage |    29 |    33 |       ||    62
       Sticks to Snakes  |     6 |    13 |       ||    19
       Blade Hands       |       |     5 |     2 ||     7
Evoke: Wand              |       |       |     1 ||     1
  Use: Potion            |     3 |     3 |     2 ||     8
       Scroll            |       |     1 |       ||     1
 Stab: Sleeping          |     4 |     1 |       ||     5
       Distracted        |       |     1 |       ||     1
  Eat: Chunk             |     7 |    19 |     1 ||    27
Armor: Skin              |     2 |     5 |     2 ||     9
Dodge: Dodged            |    76 |   185 |     9 ||   270
